 Dungeon Crawl Stone Soup version 0.30.1-9-gdf580d7c3d (webtiles) character file.

Game seed: 960794868754618865

114 Cheops the Conjurer (level 4, -6/36 HPs)
             Began as a Naga Fire Elementalist on Oct 8, 2023.
             Killed by divine providence
             ... invoked by an orc priest
              (15 damage)
             ... on level 3 of the Dungeon.
             The game lasted 00:04:49 (2489 turns).

Cheops the Conjurer (Naga Fire Elementalist)        Turns: 2489, Time: 00:04:49

Health: -6/36      AC:  6    Str: 11    XL:     4   Next: 98%
Magic:  1/8        EV:  9    Int: 17    God:
Gold:   153        SH:  0    Dex: 11    Spells: 6/9 levels left

rFire   . . .        d - +0 short sword
rCold   . . .        (no shield)
rNeg    . . .        a - +0 robe
rPois   +            (no helmet)
rElec   .            j - +0 cloak
rCorr   .            o - +2 pair of gloves
SInv    +            (no barding)
Will    .....        (no amulet)
Stlth   ++           f - ring of flight
HPRegen 0.26/turn    (no ring)
MPRegen 0.11/turn

%: no passive effects
@: short of breath, flying, very slow
A: AC +1, large, see invisible, deformed body, poison resistance, slowness 2,
spit poison 1, naga tail 1
a: Spit Poison


You were on level 3 of the Dungeon.
You visited 1 branch of the dungeon, and saw 3 of its levels.

You collected 153 gold pieces.

Inventory:

Hand Weapons
 d - a +0 short sword (weapon)
Armour
 a - a +0 robe (worn)
 i - a +0 pair of gloves
 j - a +0 cloak (worn)
 o - a +2 pair of gloves (worn)
Jewellery
 f - a ring of flight (left hand)
Scrolls
 c - a scroll of enchant armour {unknown}
 g - 2 scrolls of teleportation {unknown}
 k - a scroll of identify {unknown}
 n - a scroll of enchant weapon {unknown}
Potions
 h - a potion of berserk rage {unknown}
 l - a potion of brilliance {unknown}
 m - a potion of degeneration {unknown}


   Skills:
 - Level 1.5 Dodging
 - Level 3.0 Stealth
 - Level 3.0 Spellcasting
 + Level 3.9 Conjurations
 - Level 3.0 Fire Magic


You had 6 spell levels left.
You knew the following spells:

 Your Spells              Type           Power      Damage    Failure   Level
a - Foxfire               Conj/Fire      56%        2x1d6     4%          1
b - Scorch                Fire           24%        2d6       8%          2

Your spell library contained the following spells:

 Spells                   Type           Power      Damage    Failure   Level
 Inner Flame              Hex/Fire       7%         N/A       28%         3
 Volatile Blastmotes      Fire/Tloc      14%        2d11      28%         3
 Flame Wave               Conj/Fire      14%        2d6       38%         4


Dungeon Overview and Level Annotations

Branches:
Dungeon (3/15)

Altars:
Xom

Annotations:
D:2 Sigmund


Innate Abilities, Weirdness & Mutations

Your serpentine skin is tough. (AC +1)
You have supernaturally acute eyesight. (SInv)
Armour fits poorly on your strangely shaped body.
Your system is resistant to poisons. (rPois)
You cover ground very slowly.
You can spit poison.
You have a snake-like lower body.


Message History

The foxfire hits the orc.
The orc resists.
The orc is heavily wounded.
The foxfire hits the orc but does no damage.
The orc is heavily wounded.
The orc hits you but does no damage.
Aiming: Spit Poison (1% risk of failure)
Press: ? - help, Shift-Dir - straight line, f - orc priest
Aim: an orc priest, wielding a +0 mace (59% to hit)
The splash of poison hits the orc priest.
The orc priest is poisoned.
The orc priest is lightly wounded.
The orc hits you with a +0 flail.
* * * LOW HITPOINT WARNING * * *
You hit the orc priest.
The orc priest is lightly wounded.
The orc hits you with a +0 flail.
* * * LOW HITPOINT WARNING * * *
The orc priest looks encouraged for a moment.
You barely miss the orc priest.
The orc priest is lightly wounded.
The orc closely misses you. The orc priest completely misses you.
You hit the orc priest.
The orc priest is heavily wounded.
The orc closely misses you. The orc priest hits you with a +0 mace.
* * * LOW HITPOINT WARNING * * *
Casting: Foxfire (safe; 4% risk of failure)
Confirm with . or Enter, or press ? or * to list all spells.
You don't have enough magic to cast this spell.
You hit the orc priest but do no damage.
The orc priest is heavily wounded.
The orc priest looks more healthy.
The orc barely misses you. The orc priest hits you with a +0 mace.
* * * LOW HITPOINT WARNING * * *
You hit the orc priest.
The orc priest is almost dead.
The orc hits you with a +0 flail.
* * * LOW HITPOINT WARNING * * *
The orc priest calls down the wrath of Beogh upon you.
Beogh smites you!
You die...

##.#.###)#.####.# #####
#....# #........#########...
#.###.###...###............##
#. ##.##...# ##.###########
.. #..<...####.# #
#.###.......# .............#
....####..o....# #....
##.@....# #.##.
#.o..>.######## ### #. .#
#.#.##......... ... . #
#.#.########### ### #.#.#
#.#.# .#...#.# # .....#.# #
####.#..#.# #


You could see an orc priest and an orc.

Vanquished Creatures
  An orc priest (D:3)
  Robin (D:3)
  An adder (D:2)
  3 dart slugs (D:1)
  2 ball pythons
  5 bats
  4 endoplasms (D:1)
  3 giant cockroaches
  11 goblins
  10 hobgoblins
  3 kobolds (D:1)
  A quokka (D:1)
  4 frilled lizards
  5 rats
54 creatures vanquished.

Vanquished Creatures (others)
  166 foxfires
166 creatures vanquished.

Grand Total: 220 creatures vanquished

Notes
Turn   | Place    | Note
-------+----------+-------------------------------------------
     0 | D:1      | Cheops the Naga Fire Elementalist began the quest for the
                  | Orb.
     0 | D:1      | Reached XP level 1. HP: 15/15 MP: 3/3
   249 | D:1      | Reached XP level 2. HP: 22/22 MP: 3/5
   682 | D:1      | Reached XP level 3. HP: 28/28 MP: 3/7
   685 | D:1      | Learned a level 2 spell: Scorch
  1751 | D:2      | Found a shimmering altar of Xom.
  1788 | D:2      | Found a faded altar of an unknown god.
  1897 | D:2      | Noticed Sigmund
  1998 | D:3      | Reached XP level 4. HP: 36/36 MP: 5/8
  2155 | D:3      | Noticed Robin
  2196 | D:3      | Killed Robin
  2489 | D:3      | Killed from afar by an orc priest

Illustrated notes

Levels and vault maps discovered:
D:1:      dpeg_arrival_arbitrary_b, layout_loops_ring, serial_bayou_pond_b,
          chequers_serial_rivers_small_3
D:2:      layout_loops_cross, basic_altar, ebering_ecumenical_altar_hall,
          uniq_sigmund
D:3:      layout_loops_ring, uniq_robin

Skill      XL: |  1  2  3  4 |
---------------+-------------+-----
Spellcasting   | 3 |  3.0
Conjurations   | 2 3 |  3.9
Dodging        | |  1.5
Stealth        | |  3.0
Fire Magic     | |  3.0

Action                     |  1- 3 |  4- 6 || total
---------------------------+-------+-------++-------
  Melee: Unarmed           |     5 |       ||     5
         Short sword       |     8 |    14 ||    22
   Cast: Foxfire           |    66 |    33 ||    99
Ability: Spit Poison       |     2 |     2 ||     4
    Use: Potion            |       |     2 ||     2
 Armour: Robe              |     5 |    16 ||    21
  Dodge: Dodged            |    10 |    26 ||    36
